AoeStats
← Stihl

Arabia

510484474Analyzed
1v1 RM · 1d ago on Oct 1, 2026· 39m 57s· 2 players
Game mode
Random Map
Map size
Tiny (2 player)
Population
200
Speed
Normal
Resources
Standard
Victory
Conquest
Starting age
Dark Age
Ending age
Imperial Age
RankedLock teamsTeams togetherTeam positionsShared explorationLock speedFull tech treeHidden civsTurbo modeCheats
Victory
Defeat
🇦🇷 Spanish · Argentina
1175
+14
🇪🇸 Vietnamese · Spain
1136
-14
摳摳馬
0:58 Loom
13:30 Feudal Age
13:58 Double-Bit Axe
13:54 Horse Collar
17:34 Gold Mining
18:45 Fletching
19:23 Stone Mining
23:49 Castle Age
22:56 Padded Archer Armor
23:01 Scale Barding Armor
24:05 Wheelbarrow
23:44 Bloodlines
24:50 Bow Saw
24:42 Husbandry
24:58 Leather Archer Armor
24:45 Heavy Plow
29:27 Hand Cart
29:48 Sanctity
32:30 Chain Barding Armor
32:21 Forging
36:18 Imperial Age
38:04 Conscription
38:45 Two-Man Saw
38:37 Ballistics
39:17 Chemistry
37:50 Cavalier
39:07 Plate Barding Armor
39:03 Ring Archer Armor
38:28 Bodkin Arrow
38:26 Elite Skirmisher
39:12 Thumb Ring
Stihl
4:57 Loom
11:01 Feudal Age
11:40 Double-Bit Axe
19:16 Castle Age
17:54 Fletching
20:06 Bodkin Arrow
20:16 Elite Skirmisher
21:44 Bow Saw
26:04 Padded Archer Armor
27:33 Pikeman
35:41 Imperial Age
34:36 Ballistics
35:25 Thumb Ring
35:44 Imperial Skirmisher
37:14 Light Cavalry
39:59 Chemistry
Connection lost

Rejoining the realm…

Still unreachable

The connection could not be restored.

Session expired

The server has moved on; the page needs a fresh start.